 Dungeon Crawl Stone Soup version 0.28-a0-2-g643f2454ad (webtiles) character file.

Game seed: 7044245018955472689

312 Gwenloh the Spear-Bearer (level 6, -7/44 HPs)
             Began as a Merfolk Gladiator on July 22, 2021.
             Asphyxiated
             ... on level 3 of the Dungeon on July 23, 2021.
             The game lasted 00:14:10 (3679 turns).

Gwenloh the Spear-Bearer (Merfolk Gladiator)        Turns: 3679, Time: 00:14:11

Health: -7/44      AC:  5    Str: 14    XL:     6   Next: 42%
Magic:  6/6        EV: 13    Int:  7    God:
Gold:   97         SH:  0    Dex: 18    Spells: 5/5 levels left

rFire   . . .      SeeInvis .   a - +0 trident
rCold   . . .      Faith    .   (no shield)
rNeg    . . .      Spirit   .   q - +0 troll leather armour {Purgy}
rPois   .          Reflect  .   c - +0 helmet
rElec   .          Harm     .   (no cloak)
rCorr   .          Rampage  .   (no gloves)
Will    .....                   (no boots)
Stlth   +.........              l - amulet of regeneration
HPRegen 2.14/turn               (no ring)
MPRegen 0.10/turn               (no ring)

@: lethally poisoned (-7 -> -17), slowed, very slow
A: (nimble swimmer 2), mertail
a: no special abilities


You were on level 3 of the Dungeon.
You visited 1 branch of the dungeon, and saw 3 of its levels.
You also visited: Sewer.

You collected 97 gold pieces.

Inventory:

Hand Weapons
 a - a +0 trident (weapon)
Missiles
 d - 3 throwing nets
 e - 122 stones (quivered)
 s - 6 curare-tipped darts
Armour
 b - a +0 leather armour
 c - a +0 helmet (worn)
 j - a +0 ring mail
 q - a +0 troll leather armour (worn) {Purgy}
Jewellery
 l - an amulet of regeneration (around neck)
Wands
 m - a wand of charming (2)
Scrolls
 f - a scroll of immolation {unknown}
 i - a scroll of identify {unknown}
 p - a scroll of enchant armour {unknown}
 r - a scroll of enchant weapon {unknown}
Potions
 g - a potion of haste {unknown}
 h - 2 potions of might {unknown}
 k - a potion of curing {unknown}
 n - a potion of berserk rage {unknown}
 o - a potion of mutation {unknown}


   Skills:
 - Level 2.1 Fighting
 + Level 10.0 Polearms
 - Level 2.0 Throwing
 - Level 4.0 Dodging


You had 5 spell levels left.
You didn't know any spells.
Your spell library contained the following spells:

 Spells                   Type           Power      Damage    Failure   Level
 Shock                    Conj/Air       0%         1d3       52%         1
 Static Discharge         Conj/Air       0%         N/A       65%         2
 Swiftness                Air            0%         N/A       87%         3
 Airstrike                Air            0%         N/A       99%         4
 Dispel Undead            Necr           0%         3d6       99%         4
 Sticky Flame             Conj/Fire      0%         2d3       99%         4


Dungeon Overview and Level Annotations

Branches:
Dungeon (3/15)              Sewer (visited)

Altars:
Nemelex Xobeh
Qazlal

Annotations:
D:3 Gwenloh's ghost, amateur TrGl


Innate Abilities, Weirdness & Mutations

((You are quick and stealthy near water. (Stealth+, EV+, Speed+++)))
Your lower body shifts to a powerful aquatic tail in water.


Message History

You feel sick.
You feel sick.
You feel sick.
Your legs become a tail as you enter the water.
You feel sick.
You are no longer poisoned.
The kobold brigand throws a curare-tipped dart.
The curare-tipped dart hits you.
You are poisoned.
You have difficulty breathing.
You feel as though you will be slow longer.
You are too injured to fight recklessly!
You are too injured to fight recklessly!
You are too injured to fight recklessly!
Reach: a) +0 trident
Press: ? - help, Dir - move target, f - kobold brigand
Aim: a kobold brigand, wielding a +0 rapier of venom and quivering curare-tipped darts (about 40% to evade your +0 trident)
You reach to attack!
You puncture the kobold brigand!
The kobold brigand is heavily wounded.
You feel very sick.
The kobold brigand throws a curare-tipped dart.
The curare-tipped dart closely misses you.
Aiming: Charm
Press: ? - help, Shift-Dir - straight line, f/p - kobold brigand
Aim: a kobold brigand, wielding a +0 rapier of venom and quivering curare-tipped darts (heavily wounded, chance to affect: 46%)
The kobold brigand resists with some effort.
You feel very sick.
The kobold brigand throws a curare-tipped dart.
The curare-tipped dart hits you.
You are more poisoned.
You have difficulty breathing.
* * * LOW HITPOINT WARNING * * *
You feel as though you will be slow longer.
* * * LOW HITPOINT WARNING * * *
You feel very sick.
The kobold brigand throws a curare-tipped dart.
The curare-tipped dart hits you.
You are lethally poisoned!
You have difficulty breathing.
You die...

....#K#......#
#.#.^^#
....#K#......####
#.##.'#
....#.#.........###
#..###.
#####.###'.#.##...#
##..... #
#.......K.K...#
#####. #
#..≈≈.≈≈≈≈≈≈..# ##
# #..≈.......≈.## #
#..≈.§≈≈≈≈K≈.#
#####..≈.§...≈§≈@#
.......≈.≈._§§§≈.#
.####..≈.≈..§≈§≈.#
.####..≈.≈≈≈§§§≈.#
....#..≈....§..≈.#
###.#..≈≈≈≈≈≈≈≈≈.#
# #.#............#
#.#.#######.#.##
#.#.# #...#


You could see a kobold brigand and 2 kobolds.

Vanquished Creatures
  Purgy (Sewer)
  Jessica (D:3)
  4 gnolls (D:3)
  4 adders
  2 river rats (D:3)
  A worm (D:2)
  2 dart slugs (D:2)
  7 ball pythons
  7 bats
  4 endoplasms
  5 giant cockroaches
  6 goblins
  5 hobgoblins
  10 jackals
  10 kobolds
  A quokka (D:3)
  3 frilled lizards
  7 rats
80 creatures vanquished.

Vanquished Creatures (collateral kills)
  2 kobolds (D:3)
2 creatures vanquished.

Vanquished Creatures (others)
  2 fungi (D:3)
  2 plants (D:3)
4 creatures vanquished.

Grand Total: 86 creatures vanquished

Notes
Turn   | Place    | Note
-------+----------+-------------------------------------------
     0 | D:1      | Gwenloh the Merfolk Gladiator began the quest for the Orb.
     0 | D:1      | Reached XP level 1. HP: 16/16 MP: 1/1
   239 | D:1      | Reached skill level 5 in Polearms
   252 | D:1      | Reached XP level 2. HP: 10/22 MP: 2/2
   693 | D:1      | Found a faded altar of an unknown god.
   910 | D:2      | Reached skill level 6 in Polearms
   910 | D:2      | Reached XP level 3. HP: 21/27 MP: 3/3
  1502 | D:2      | Reached XP level 4. HP: 33/33 MP: 4/4
  1505 | D:2      | Reached skill level 7 in Polearms
  1962 | D:3      | Found a stormy altar of Qazlal.
  2106 | D:3      | Noticed Jessica
  2121 | D:3      | Killed Jessica
  2203 | D:3      | Found a sparkling altar of Nemelex Xobeh.
  2245 | D:3      | Reached skill level 8 in Polearms
  2363 | D:3      | Reached XP level 5. HP: 38/38 MP: 5/5
  2389 | D:3      | Found a glowing drain.
  2433 | Sewer    | Entered a sewer
  2597 | Sewer    | Noticed Purgy
  2609 | Sewer    | Killed Purgy
  2610 | Sewer    | Reached skill level 9 in Polearms
  2610 | Sewer    | Reached XP level 6. HP: 42/44 MP: 6/6
  2825 | D:3      | Found a runed translucent gate.
  2831 | D:3      | Found a runed translucent gate.
  2832 | D:3      | Found a runed translucent gate.
  2832 | D:3      | Noticed Gwenloh's ghost (amateur TrGl)
  3172 | D:3      | Reached skill level 10 in Polearms
  3679 | D:3      | HP: 2/44 [poisoned by a kobold brigand (curare-tipped
                  | dart)]
  3679 | D:3      | Asphyxiated

Illustrated notes

Levels and vault maps discovered:
D:1:      scummos_arrival_simple_crosswalls, layout_basic,
          shapermc_ecumenical_altar_ellora
D:2:      layout_loops_ring
D:3:      layout_basic, mainiacjoe_overflow_concentric_impassable,
          nemelex_spade_bored_becter, gammafunk_ghost_nasty_kobolds,
          portal_sewer_entry_b, st_stairs_8, uniq_jessica

Skill      XL: |  1  2  3  4  5  6 |
---------------+-------------------+-----
Polearms       | 5 6 8 9 10 | 10.0
Fighting       | |  2.1
Throwing       | |  2.0
Dodging        | |  4.0

Action                   |  1- 3 |  4- 6 || total
-------------------------+-------+-------++-------
Melee: Trident           |   119 |   153 ||   272
       Tailslap          |       |     3 ||     3
Throw: Stone             |    64 |    61 ||   125
Evoke: Wand              |       |     7 ||     7
 Stab: Sleeping          |     2 |       ||     2
Armor: Leather armour    |    12 |       ||    12
       Ring mail         |    12 |    31 ||    43
       Troll leather arm |       |     1 ||     1
Dodge: Dodged            |    56 |    62 ||   118

Table legend: (Time is in decaauts)
 A = Elapsed time spent in this place.
 B = Non-inter-level travel time spent in this place.
 C = Inter-level travel time spent in this place.
 D = Time resting spent in this place.
 E = Time spent auto-exploring this place.
 F = Levels seen in this place.
 G = Mean time per level.
                   A        B        C        D        E       F      G
               +--------+--------+--------+--------+--------+-----+--------+
         Total |   3651 |   3574 |     77 |    177 |   2201 |   4 |  912.8 |
       Dungeon |   3426 |   3349 |     77 |     83 |   2134 |   3 | 1142.0 |
         Sewer |    224 |    224 |      0 |     94 |     66 |   1 |  224.0 |
               +--------+--------+--------+--------+--------+-----+--------+

Top non-repeatable levels by time:
     D:3: 1544 daAuts
     D:2: 992 daAuts
     D:1: 890 daAuts
   Sewer: 224 daAuts
